 Dungeon Crawl Stone Soup version 0.19-a0-49-gb8736b8 (webtiles) character file.

12 M4edhros the Grave Robber (level 2, -3/17 HPs)
             Began as an Octopode Necromancer on May 6, 2016.
             Slain by an adder (4 damage)
             ... on level 2 of the Dungeon.
             The game lasted 00:00:53 (191 turns).

M4edhros the Grave Robber (Octopode Necromancer)     Turns: 191, Time: 00:00:54

Health: -3/17      AC:  1    Str:  7    XL:     2   Next: 33%
Magic:  3/5        EV: 12    Int: 17    God:
Gold:   16         SH:  0    Dex: 12    Spells: 1 memorised, 4 levels left

rFire  . . .     SeeInvis .     e - +0 dagger (drain)
rCold  . . .     Gourm    .     (no shield)
rNeg   . . .     Faith    .     (helmet restricted)
rPois  .         Spirit   .     d - amulet of rage
rElec  .         Dismiss  .     (no ring)
rCorr  .         Reflect  .     (no ring)
SustAt .         Harm     .     (no ring)
MR     .....                    (no ring)
Stlth  +++.......               (no ring)
                                (no ring)
                                (no ring)
                                (no ring)

@: lethally poisoned (-3 -> -10), not resistant to hostile enchantments, fairly
stealthy
A: almost no armour, amphibious, 8 rings, constrict 8, camouflage 1, gelatinous
body 1
a: Evoke Berserk Rage


You were on level 2 of the Dungeon.
You were not hungry.

You visited 1 branch of the dungeon, and saw 2 of its levels.

You collected 16 gold pieces.

Inventory:

Hand Weapons
 e - a +0 dagger of draining (weapon)
Jewellery
 d - an amulet of rage (around mantle)
Wands
 f - a wand of digging (12/24)
Scrolls
 c - a scroll of identify {unknown}
 g - a scroll of teleportation {unknown}
 h - a scroll of random uselessness {unknown}
Books
 a - a book of Necromancy

   Spells                             Type                      Level
   a - Pain                           Necromancy                   1
   b - Animate Skeleton               Necromancy                   1
   c - Vampiric Draining              Necromancy                   3
   d - Regeneration                   Charms/Necromancy            3
   e - Animate Dead                   Necromancy                   4
   f - Control Undead                 Necromancy                   4
Comestibles
 b - 2 bread rations


   Skills:
 - Level 2.0 Dodging
 - Level 2.6 Stealth
 + Level 1.9 Unarmed Combat
 - Level 2.0 Spellcasting
 - Level 4.0 Necromancy


You had 4 spell levels left.
You knew the following spells:

 Your Spells              Type           Power        Failure   Level  Hunger
a - Pain                  Necr           ###.         3%          1    #......


Dungeon Overview and Level Annotations

Branches:
Dungeon (2/15)

Altars:
Trog


Innate Abilities, Weirdness & Mutations

You cannot wear most types of armour.
You are amphibious.
You can wear up to eight rings at the same time.
You can use your tentacles to constrict eight enemies at once.
Your skin changes colour to match your surroundings (Stealth).
Your rubbery body absorbs attacks (AC +1).


Message History

Aiming: Pain
Press: ? - help, Shift-Dir - straight line, f - adder
Aim: an adder (chance to defeat MR: 80%)
The adder convulses in agony!
You hit the adder but do no damage. Your grab misses the adder.
The adder is severely wounded.
The adder barely misses you. The adder bites you.
You are poisoned.
The adder poisons you!
You closely miss the adder. Your grab misses the adder.
The adder is severely wounded.
You feel sick. The adder bites you.
* * * LOW HITPOINT WARNING * * *
Casting: Pain
Confirm with . or Enter, or press ? or * to list all spells.
Aiming: Pain
Press: ? - help, Shift-Dir - straight line, f/p - adder
Aim: an adder (severely wounded, chance to defeat MR: 80%)
The adder convulses in agony!
The adder bites you.
You die...

... .?. #.### #.>.
#w.# # #..#
##.#..#######
#..S@.......#
#...####.####.# #.
##.....##.#
#.......#.#
#.?.....#.#
......_.....# #+###
#.#.......#.## #.#..
#.#.......#..####.#.#
# ##.....##.......(..


You could see an adder and a dart slug.

Vanquished Creatures
  A bat (D:1)
  A giant cockroach (D:2)
  5 jackals
  A kobold (D:2)
  2 rats
10 creatures vanquished.

Notes
Turn   | Place    | Note
--------------------------------------------------------------
     0 | D:1      | M4edhros the Octopode Necromancer began the quest for the Orb.
     0 | D:1      | Reached XP level 1. HP: 11/11 MP: 3/3
    95 | D:1      | Reached skill level 1 in Unarmed Combat
   141 | D:2      | Reached XP level 2. HP: 15/17 MP: 5/5
   175 | D:2      | Found a bloodstained altar of Trog.
   191 | D:2      | Slain by an adder

Vault maps used:
D:1:      dpeg_arrival_lava_altar, serial_co_window_serial,
          co_window_of_opportunity_a, co_window_paths_a,
          co_window_of_opportunity_a, co_window_of_opportunity_a,
          co_window_corner_a, co_window_paths_a, co_window_broadway_c,
          co_window_paths_c, co_window_2corner, co_window_corner_ca,
          co_window_paths_e, glass_columns_a, glass_columns_b, glass_columns_b,
          glass_columns_a, glass_columns_a, minmay_misc_feat_plants
D:2:      old_standard_altar, uniq_jessica, uniq_sigmund, uniq_robin

Skill      XL: |  1 |
---------------+----+-----
Unarmed Combat | 1 |  1.9
Dodging        | |  2.0
Stealth        | |  2.6
Spellcasting   | |  2.0
Necromancy     | |  4.0

Action                   || total
-------------------------++-------
Melee: Dagger            ||    18
       Constrict         ||     5
       Unarmed           ||     4
       Tentacles         ||     2
 Cast: Pain              ||     3
 Stab: Sleeping          ||     4
Armor: Skin              ||     1
Dodge: Dodged            ||    14
